 Dungeon Crawl Stone Soup version 0.27.1-34-g3ba077fa99 (webtiles) character file.

Game seed: 11001948117260627823

4 Sharkman1231 the Grave Robber (level 1, -1/13 HPs)
             Began as a Demonspawn Wanderer on Jan 16, 2022.
             Slain by a jackal (2 damage)
             ... on level 1 of the Dungeon.
             The game lasted 00:00:28 (392 turns).

Sharkman1231 the Grave Robber (Demonspawn Wanderer)  Turns: 392, Time: 00:00:29

Health: -1/13      AC:  2    Str:  9    XL:     1   Next: 50%
Magic:  2/2        EV: 11    Int: 15    God:
Gold:   0          SH:  0    Dex: 13    Spells: 2/2 levels left

rFire    . . .     SeeInvis .   a - +0 dagger
rCold    . . .     Faith    .   (no shield)
rNeg     . . .     Spirit   .   b - +0 robe
rPois    .         Reflect  .   (no helmet)
rElec    .         Harm     .   (no cloak)
rCorr    .         Rampage  .   (no gloves)
Will     .....                  (no boots)
Stlth    ++........             (no amulet)
HPRegen  0.04/turn              (no ring)
MPRegen  0.08/turn              (no ring)

@: no status effects
A: no striking features
a: no special abilities


You were on level 1 of the Dungeon.
You visited 1 branch of the dungeon, and saw 1 of its levels.

Inventory:

Hand Weapons
 a - a +0 dagger (weapon)
Armour
 b - a +0 robe (worn)
Miscellaneous
 c - a piece from Xom's chessboard (14/15) (quivered)


   Skills:
 + Level 0.2 Fighting
 + Level 0.2 Dodging
 - Level 1.0 Stealth
 + Level 1.1 Spellcasting
 - Level 5.4 Necromancy
 - Level 1.7 Transmutations
 + Level 1.1 Evocations


You had 2 spell levels left.
You didn't know any spells.
Your spell library contained the following spells:

 Spells                   Type           Power      Damage    Failure   Level
 Animate Skeleton         Necr           34%        N/A       2%          1
 Pain                     Necr           68%        1d7       2%          1
 Freeze                   Ice            0%         1d3       24%         1
 Vampiric Draining        Necr           8%         2d7       8%          3
 Animate Dead             Necr           8%         N/A       26%         4
 Agony                    Necr           17%        N/A       56%         5
 Frozen Ramparts          Ice            0%         1d2       58%         3


Dungeon Overview and Level Annotations

Branches:
Dungeon (1/15)

Altars:


Message History

The kobold misses you. The jackal barely misses you.
The jackal bites you but does no damage.
The rat twitches its whiskers.
The kobold hits you with a +0 short sword.
You closely miss the jackal. The jackal closely misses you. x2
You barely miss the jackal.
The jackal bites you but does no damage.
You hit the jackal.
The jackal is moderately wounded.
The jackal bites you.
You are too injured to fight recklessly!
You hit the jackal.
The jackal is heavily wounded.
The kobold stops glowing.
The jackal misses you. x2
You are too injured to fight recklessly!
You hit the jackal but do no damage.
The jackal is heavily wounded.
The jackal bites you but does no damage.
You are too injured to fight recklessly!
You hit the jackal.
The jackal is severely wounded.
The jackal bites you.
* * * LOW HITPOINT WARNING * * *
The jackal bites you but does no damage.
You hit the jackal but do no damage.
The jackal is severely wounded.
The jackal misses you.
You are too injured to fight recklessly!
You closely miss the jackal.
The jackal is severely wounded.
The jackal bites you.
* * * LOW HITPOINT WARNING * * *
You aren't carrying any potions.
As you read the scroll labelled OTAGAM SEIP, it crumbles to dust.
It is a scroll of identify.
You don't have any unidentified items.
The jackal bites you.
* * * LOW HITPOINT WARNING * * *
The jackal bites you.
You die...

≈≈≈≈≈≈≈≈≈≈≈ ≈≈..#......#
≈≈≈≈≈≈≈≈≈≈≈≈≈..........#
≈≈≈≈≈≈≈≈≈ ...#.#......#
≈≈≈≈≈≈ #..........#
.≈.≈. #.##..#...# ....
##.........# ##..
...#......# .#.###
#######.##h###...# .#...
........@hK# ##
.#..##########..####
....#......# #..##.#
....##.###.# #.....#
.........#.# #####.#
##.##..#.#.#######.#
...##....#.........#
########.########### ##


You could see 2 jackals and a kobold.

Vanquished Creatures
  2 bats (D:1)
  A hobgoblin (D:1)
  A goblin (D:1)
4 creatures vanquished.

Notes
Turn   | Place    | Note
-------+----------+-------------------------------------------
     0 | D:1      | Sharkman1231 the Demonspawn Wanderer began the quest for
                  | the Orb.
     0 | D:1      | Sharkman1231 set off with the following items: a +0 dagger,
                  | a +0 robe, a piece from Xom's chessboard (15/15); and the
                  | following spells available to memorise: Animate Skeleton,
                  | Pain, Freeze, Vampiric Draining, Animate Dead, Frozen
                  | Ramparts, Agony
     0 | D:1      | Reached XP level 1. HP: 13/13 MP: 2/2
   392 | D:1      | Slain by a jackal

Illustrated notes

Levels and vault maps discovered:
D:1:      minmay_arrival_shoal_huts, layout_basic

Action                   || total
-------------------------++-------
Melee: Dagger            ||    38
Evoke: Piece from Xom's  ||     1
  Use: Scroll            ||     1
Armor: Robe              ||    15
Dodge: Dodged            ||    40
